 Dungeon Crawl Stone Soup version 0.32-a0-859-gb0a091d592 (webtiles) character file.

Game seed: 8381280481194501983

16 ytrimaz the Caller (level 2, 0/17 HPs)
             Began as an Octopode Summoner on Mar 27, 2024.
             Slain by a jackal (2 damage)
             ... on level 1 of the Dungeon.
             The game lasted 00:00:45 (293 turns).

ytrimaz the Caller (Octopode Summoner)               Turns: 293, Time: 00:00:46

Health: 0/17       AC:  1    Str:  7    XL:     2   Next: 58%
Magic:  3/5        EV: 12    Int: 17    God:
Gold:   35         SH:  0    Dex: 12    Spells: 2/5 levels left

rFire   . . .        (no weapon)
rCold   . . .        (no shield)
rNeg    . . .        (helmet restricted)
rPois   .            (no amulet)
rElec   .            (no ring)
rCorr   .            (no ring)
SInv    .            (no ring)
Will    .....        (no ring)
Stlth   +++          (no ring)
HPRegen 0.22/turn    (no ring)
MPRegen 0.09/turn    (no ring)
                     (no ring)

%: no passive effects
@: no status effects
A: almost no armour, amphibious, 8 rings, camouflage 1, gelatinous body 1,
(nimble swimmer 1), tentacles
a: no special abilities


You were on level 1 of the Dungeon.
You visited 1 branch of the dungeon, and saw 1 of its levels.

You collected 35 gold pieces.


Innate Abilities, Weirdness & Mutations

You cannot wear most types of armour.
You are amphibious.
You can wear up to eight rings at the same time.
Your skin changes colour to match your surroundings (Stealth+).
Your rubbery body absorbs attacks. (AC +1, EV +1)
((You are camouflaged when in or above water. (Stealth+)))
You have tentacles for arms and can constrict up to eight enemies at once.


   Skills:
 - Level 2.0 Dodging
 - Level 2.6 Stealth
 + Level 2.4 Spellcasting
 + Level 4.3 Summonings


You had 2 spell levels left.
You knew the following spells:

 Your Spells              Type           Power      Damage    Failure   Level
a - Summon Small Mammal   Summ           64%        N/A       3%          1
b - Call Imp              Summ           32%        N/A       4%          2

Your spell library contained the following spells:

 Spells                   Type           Power      Damage    Failure   Level
 Call Canine Familiar     Summ           16%        N/A       10%         3
 Summon Blazeheart Golem  Fire/Summ      9%         N/A       58%         4
 Summon Lightning Spire   Summ/Air       9%         N/A       58%         4

Inventory:

Scrolls
 c - a scroll of vulnerability {unknown}
Potions
 b - a potion of curing

Dungeon Overview and Level Annotations

Branches:
Dungeon (1/15) Zot: 5706

Altars:

#######...#
#.#.#
#####)#.######.
#..............
####..####.#.#.
######5...#...
#...h..........!
#...h..g#.......
#..@hS........ #
#....wb.#####.
#..r.)..#
#.......#
#.........
#..........
#...........
#g..........


You could see a dart slug, 3 jackals, 2 goblins, a ball python, a friendly
cerulean imp (summoned), a friendly bat (summoned) and a friendly rat
(summoned).


Message History

Casting: Summon Small Mammal (safe; 3% risk of failure)
Confirm with . or Enter, or press ? or * to list all spells.
A tiny devil pulls itself out of the air.
Your bat misses the goblin. The jackal misses your bat.
The goblin barely misses you. 😕 MP[-2]
You lost 2 mp, and now have 1/5 mp.
Unknown command.
A jackal comes into view.
Your bat hits the goblin. Your bat misses the goblin.
The jackal closely misses you.
Your cerulean imp misses the goblin.
The goblin hits you with a +0 club.
* * * LOW HITPOINT WARNING * * *
Your bat misses the goblin. 😨 HP[-5]
You take 5 damage, and now have 8/17 hp.
MASSIVE DAMAGE!! (PAUSE)
Your bat misses the goblin. Your bat hits the goblin.
The jackal attacks as it pursues you! The jackal bites you.
* * * LOW HITPOINT WARNING * * *
Your bat hits the goblin. The goblin completely misses your bat.
Your cerulean imp hits the goblin but does no damage. 😨 HP[-1]
You take 1 damage, and now have 7/17 hp.
A dart slug and a goblin come into view.
Your bat closely misses the goblin.
A ball python comes into view.
The jackal bites you but does no damage.
Your cerulean imp barely misses the goblin. 😨 HP[+1]
Casting: Call Imp (safe; 4% risk of failure)
Confirm with . or Enter, or press ? or * to list all spells.
The jackal barks!
The ball python hisses angrily.
Your bat barely misses the goblin.
The jackal misses you. The jackal bites you.
* * * LOW HITPOINT WARNING * * *
The goblin misses your bat.
Your cerulean imp closely misses the goblin.
Your bat hits the jackal but does no damage. 😨 HP[-2] MP[-1]
You take 2 damage, and now have 6/17 hp.
You lost 1 mp, and now have 0/5 mp.
Unknown command.
Your bat closely misses the goblin.
The jackal attacks as it pursues you! The jackal bites you.
* * * LOW HITPOINT WARNING * * *
The goblin hits your bat with a +0 club.
Your bat dies!
Your bat's corpse disappears in a puff of smoke!
Your cerulean imp hits the goblin but does no damage. 😨 HP[-1] MP[+1]
You take 1 damage, and now have 5/17 hp.
Unknown command.
It was a potion of curing.
You feel better. The jackal closely misses you. The jackal misses you.
The jackal bites you. x2
The jackal bites you but does no damage.
Your rat bites the jackal but does no damage.
Your cerulean imp hits the goblin with a -3 spear.
The goblin dies! 😕 HP[+8]
You regained 8 hp, and now have 13/17 hp.
Magic courses through your body. The jackal bites you. The jackal misses you.
The jackal bites you. The dart slug launches a dart at you.
The slug dart hits you.
* * * LOW HITPOINT WARNING * * *
Your rat closely misses the jackal. 😨 HP[-6] MP[+4]
You take 6 damage, and now have 7/17 hp.
MASSIVE DAMAGE!! (PAUSE)
Your mp is fully restored (5).
Casting: Summon Small Mammal (safe; 3% risk of failure)
Confirm with . or Enter, or press ? or * to list all spells.
The jackal closely misses you. The jackal bites you.
* * * LOW HITPOINT WARNING * * *
The jackal bites you.
* * * LOW HITPOINT WARNING * * *
The jackal bites you but does no damage.
The jackal barely misses you. The jackal misses you.
The dart slug launches a dart at you. The slug dart misses you.
Your rat barely misses the jackal. 😱 HP[-5] MP[-1]
You take 5 damage, and now have 2/17 hp.
MASSIVE DAMAGE!! (PAUSE)
You lost 1 mp, and now have 4/5 mp.
A goblin comes into view. It is wielding a +0 club.
Your bat barely misses the jackal.
The jackal bites your rat. The jackal barely misses your bat.
Your rat closely misses the jackal.
Your bat closely misses the jackal.
The jackal barely misses your rat. The ball python bites your rat.
Your rat dies!
Your rat's corpse disappears in a puff of smoke!
Your cerulean imp closely misses the jackal.
The jackal barely misses you.
Your bat hits the dart slug but does no damage.
The goblin hits your bat with a +0 club.
There is a shaft here.
Casting: Summon Small Mammal (safe; 3% risk of failure)
Confirm with . or Enter, or press ? or * to list all spells.
Your bat closely misses the jackal.
The jackal bites you.
You die...

Action                     || total
---------------------------++-------
  Melee: Unarmed           ||    12
         Tentacles         ||     2
         Constrict         ||     3
   Cast: Summon Small Mamm ||    15
         Call Imp          ||     2
    Use: Potion            ||     2
 Armour: Skin              ||    22
  Dodge: Dodged            ||    21

Levels and vault maps discovered:
D:1:      wander_arrival_abandoned_jail, layout_rooms,
          hellmonk_ecumenical_altar_heavens_door

Notes
Turn   | Place    | Note
-------+----------+-------------------------------------------
     0 | D:1      | ytrimaz the Octopode Summoner began the quest for the Orb.
     0 | D:1      | Reached XP level 1. HP: 11/11 MP: 3/3
     0 | D:1      | magus.rc [v1.9.6]
    63 | D:1      | Reached XP level 2. HP: 8/17 MP: 1/5
    72 | D:1      | Learned a level 2 spell: Call Imp
   172 | D:1      | Found a faded altar of an unknown god.
   290 | D:1      | HP: 2/17 [jackal (3)]
   293 | D:1      | Slain by a jackal

Vanquished Creatures
  An endoplasm (D:1)
  A hobgoblin (D:1)
  A kobold (D:1)
3 creatures vanquished.

Vanquished Creatures (collateral kills)
  2 bats (D:1)
  An endoplasm (D:1)
  A giant cockroach (D:1)
  2 goblins (D:1)
  A quokka (D:1)
  A ball python (D:1)
  A frilled lizard (D:1)
  2 rats (D:1)
11 creatures vanquished.

Grand Total: 14 creatures vanquished

Table legend:
 A = Non-vault XP
 B = Vault XP
 C = Vault XP percentage of total XP
 D = Non-vault monster count
 E = Vault monster count
 F = Vault count percentage of total count
                 A         B        C        D         E       F
            +---------+---------+-------+---------+---------+-------
      Total |      24 |       0 |   0.0 |      14 |       0 |   0.0
            +---------+---------+-------+---------+---------+-------
        D:1 |      24 |       0 |   0.0 |      14 |       0 |   0.0
            +---------+---------+-------+---------+---------+-------

Action                     || total
---------------------------++-------
  Melee: Unarmed           ||    12
         Tentacles         ||     2
         Constrict         ||     3
   Cast: Summon Small Mamm ||    15
         Call Imp          ||     2
    Use: Potion            ||     2
 Armour: Skin              ||    22
  Dodge: Dodged            ||    21

Illustrated notes

Table legend:
 A = Kills in this place as a percentage of kills in the entire game.
 B = Kills by you in this place as a percentage of kills by you in the entire game.
 C = Kills by friends in this place as a percentage of kills by friends in the entire game.
 D = Other kills in this place as a percentage of other kills in the entire game.
 E = Experience gained in this place as a percentage of experience gained in the entire game.
 F = Experience gained in this place divided by the number of levels of this place that you have seen.
                   A       B       C       D       E      F
               +-------+-------+-------+-------+-------+----------------------
         Total | 100.0 | 100.0 | 100.0 |   N/A | 100.0 |  24.0
       Dungeon | 100.0 | 100.0 | 100.0 |   N/A | 100.0 |  24.0
               +-------+-------+-------+-------+-------+----------------------

Table legend: (Time is in decaauts)
 A = Elapsed time spent in this place.
 B = Non-inter-level travel time spent in this place.
 C = Inter-level travel time spent in this place.
 D = Time resting spent in this place.
 E = Time spent auto-exploring this place.
 F = Levels seen in this place.
 G = Mean time per level.
                   A        B        C        D        E       F      G
               +--------+--------+--------+--------+--------+-----+--------+
         Total |    293 |    293 |      0 |      0 |    199 |   1 |  293.0 |
       Dungeon |    293 |    293 |      0 |      0 |    199 |   1 |  293.0 |
               +--------+--------+--------+--------+--------+-----+--------+

Top non-repeatable levels by time:
     D:1: 293 daAuts
